 Dungeon Crawl Stone Soup version 0.23-a0-204-g3eb00d1601 (webtiles) character file.

2264 PikkenKukken the Covered (level 9, 0/55 HPs)
             Began as a Gargoyle Fighter on Sept 24, 2018.
             Slain by an ice devil (4 damage)
             ... summoned by a shadow demon
             ... created by the darkness of Dithmenos
             ... on level 6 of the Dungeon.
             The game lasted 00:11:24 (5789 turns).

PikkenKukken the Covered (Gargoyle Fighter)         Turns: 5789, Time: 00:11:24

Health: 0/55       AC: 16    Str: 23    XL:     9   Next: 38%
Magic:  10/10      EV: 10    Int:  9    God:
Gold:   55         SH: 12    Dex:  9    Spells: 8/8 levels left

rFire    + . .     SeeInvis .   m - +11 broad axe "Sarcophage" {drain, rF+}
rCold    + . .     Gourm    .   x - +2 shield {rC+}
rNeg     + . .     Faith    .   b - +0 scale mail
rPois    ∞         Spirit   .   (no helmet)
rElec    +         Reflect  .   s - +0 cloak
rCorr    +         Harm     .   l - +0 pair of gloves
MR       .....                  (no boots)
Stlth    ..........             (no amulet)
HPRegen  0.18/turn              o - ring of resist corrosion
MPRegen  0.12/turn              (no ring)

@: no status effects
A: negative energy resistance 1, electricity resistance, unbreathing,
petrification resistance, rot immunity, AC +6
a: no special abilities


You were on level 6 of the Dungeon.
You were not hungry.

You visited 2 branches of the dungeon, and saw 7 of its levels.

You collected 291 gold pieces.
You spent 236 gold pieces at shops.

Inventory:

Hand Weapons
 i - a +2 whip of protection
 m - the +11 broad axe "Sarcophage" (weapon) {drain, rF+}
   (You found it on level 4 of the Dungeon)

   A truly terrible weapon, it drains the life of those it strikes.
   It protects you from fire.
Armour
 b - a +0 scale mail (worn)
 c - a +1 shield
 l - a +0 pair of gloves (worn)
 s - a +0 cloak (worn)
 x - a +2 shield of cold resistance (worn)
Jewellery
 o - a ring of resist corrosion (left hand)
Wands
 r - a wand of disintegration (12)
 t - a wand of polymorph (11)
Scrolls
 a - a scroll of brand weapon
 d - 4 scrolls of remove curse
 e - 2 scrolls of teleportation
 h - a scroll of magic mapping
 n - a scroll of enchant armour
 p - a scroll of fog
 q - a scroll of amnesia
 u - a scroll of identify
Potions
 g - 3 potions of curing
 k - a potion of heal wounds {unknown}
 v - a potion of brilliance {unknown}
 w - a potion of lignification {unknown}
Comestibles
 f - 8 rations


   Skills:
 + Level 6.2 Fighting
 * Level 4.3(5.3) Axes
 - Level 5.1(6.1) Maces & Flails
 + Level 6.3 Armour
 + Level 3.8 Dodging
 + Level 6.3 Shields
   Level 2.0 Invocations


You had 8 spell levels left.
You didn't know any spells.
Your spell library was empty.

Dungeon Overview and Level Annotations

Branches:
Dungeon (6/15)             Temple (1/1) D:6

Altars:
Ashenzari
Cheibriados
Dithmenos
Elyvilon
Fedhas
Gozag
Hepliaklqana
Kikubaaqudgha
Makhleb
Nemelex Xobeh
Okawaru
Qazlal
Ru
Sif Muna
Trog
Uskayaw
Vehumet
Wu Jian
Xom
Yredelemnul
Zin
The Shining One

Shops:
D:4 *   D:6 [*


Innate Abilities, Weirdness & Mutations

You are resistant to torment.
Your stone body is resilient. (AC +6)
You are immune to poison.
You resist negative energy. (rN+)
You are resistant to electric shocks. (rElec)
You can survive without breathing.
You are immune to petrification.
You are immune to rotting.


Message History

The gnoll sergeant hits you with a trident.
* * * LOW HITPOINT WARNING * * *
You block the gnoll's attack.
The shadow demon hits you but does no damage.
The ice devil closely misses you.
The ice devil hits you but does no damage.
You slice the shadow demon!!
The shadow demon is severely wounded.
You slash the sun demon! You hit the gnoll sergeant.
You kill the gnoll sergeant!
The gnoll sergeant's corpse dissolves into shadows!
You slash the ice devil! You hit the ice devil but do no damage.
The sun demon barely misses you.
The gnoll splashes around in the water.
The shadow demon hits you.
* * * LOW HITPOINT WARNING * * *
The ice devil hits you but does no damage.
The ice devil hits you.
* * * LOW HITPOINT WARNING * * *
The ice devil freezes you. You resist.
You die...

###### #.....................
.>#...## ###...................
.......#######.....##............
.................................
..............≈≈≈≈≈..............
............≈≈≈≈≈≈≈≈≈............
..........≈≈≈g≈≈≈≈≈≈≈≈≈..........
...[...#.≈≈≈≈≈g32.≈≈≈≈≈≈.........
.........≈≈≈≈≈≈)@4≈≈≈≈≈≈.........
......#[.≈≈≈≈≈≈.4.≈≈≈≈≈≈........
##.##..#.≈≈≈≈≈≈≈≈≈≈≈≈≈≈≈..#####
#..##....≈≈≈≈≈≈≈≈≈≈≈≈≈..##
##.###.....≈≈≈≈≈≈≈≈≈....# #.#
#.......≈≈≈≈≈......#
#.###..................#
###...##..#.............##
.∩###...#.....)......>...#


You could see a sun demon, a shadow demon, 2 ice devils and 2 gnolls.

Vanquished Creatures
  Pikel (D:4)
  A shadow demon (D:6)
  Grinder (D:6)
  A shadow (D:6)
  Eustachio (D:4)
  Menkaure (D:4)
  A black bear (D:6)
  3 ogres
  A centaur (D:6)
  Blork the orc (D:6)
  A howler monkey (D:5)
  A crimson imp (D:6)
  2 bullfrog zombies
  3 orc priests
  A hound (D:5)
  6 orc wizards
  Jessica (D:2)
  An iguana (D:4)
  Terence (D:2)
  2 worker ants (D:6)
  A hound skeleton (D:6)
  A howler monkey skeleton (D:4)
  Robin (D:4)
  7 gnolls
  7 adders
  3 worms
  A dart slug (D:3)
  7 leopard geckos
  18 orcs
  3 ball pythons
  9 giant cockroaches
  13 goblins
  12 hobgoblins
  13 jackals
  10 kobolds
  2 quokkas
  6 bats
  8 rats
153 creatures vanquished.

Vanquished Creatures (others)
  A giant cockroach (D:4)
1 creature vanquished.

Grand Total: 154 creatures vanquished

Notes
Turn   | Place    | Note
-------+----------+-------------------------------------------
     0 | D:1      | PikkenKukken the Gargoyle Fighter began the quest for the
                  | Orb.
     0 | D:1      | Reached XP level 1. HP: 14/14 MP: 1/1
    44 | D:1      | Reached XP level 2. HP: 4/19 MP: 2/2
   516 | D:1      | Reached XP level 3. HP: 22/23 MP: 3/3
  1023 | D:1      | Reached XP level 4. HP: 24/29 MP: 4/4
  1081 | D:1      | Reached skill level 1 in Dodging
  1484 | D:2      | Noticed Terence
  1728 | D:2      | Killed Terence
  1728 | D:2      | Reached XP level 5. HP: 23/33 MP: 5/5
  2005 | D:2      | Noticed Jessica
  2012 | D:2      | Killed Jessica
  2395 | D:3      | Found a sacrificial altar of Ru.
  2679 | D:3      | Reached XP level 6. HP: 26/38 MP: 6/6
  3103 | D:4      | Noticed a slave
  3103 | D:4      | Noticed a slave
  3104 | D:4      | Noticed a slave
  3105 | D:4      | Noticed Pikel
  3105 | D:4      | Noticed a slave
  3156 | D:4      | Killed Pikel
  3156 | D:4      | Reached skill level 5 in Maces & Flails
  3156 | D:4      | Reached skill level 5 in Armour
  3156 | D:4      | Reached XP level 7. HP: 16/44 MP: 7/7
  3392 | D:4      | Got a shimmering broad axe
  3393 | D:4      | Identified the +11 broad axe "Sarcophage" {drain, rF+} (You
                  | found it on level 4 of the Dungeon)
  3480 | D:4      | Found a white marble altar of Elyvilon.
  3607 | D:4      | Noticed Robin
  3609 | D:4      | Reached skill level 5 in Fighting
  3609 | D:4      | Reached skill level 1 in Axes
  3609 | D:4      | Reached skill level 5 in Shields
  3609 | D:4      | Reached XP level 8. HP: 37/49 MP: 8/8
  3618 | D:4      | Killed Robin
  3746 | D:4      | Found Qifissi's Assorted Antiques.
  3768 | D:4      | Noticed Menkaure
  3772 | D:4      | Killed Menkaure
  4111 | D:4      | Noticed Eustachio
  4117 | D:4      | Killed Eustachio
  4254 | D:4      | Found a shadowy altar of Dithmenos.
  4260 | D:4      | Became a worshipper of Dithmenos the Shadowed
  4508 | D:5      | Entered Level 5 of the Dungeon
  4904 | D:5      | Reached skill level 1 in Invocations
  5003 | D:6      | Found Duaseg's Armour Emporium.
  5013 | D:6      | Bought a +2 shield of cold resistance for 236 gold pieces
  5035 | D:6      | Noticed Grinder
  5038 | D:6      | Reached * piety under Dithmenos
  5041 | D:6      | Found Vupn's Assorted Antiques.
  5044 | D:6      | Reached XP level 9. HP: 52/55 MP: 10/10
  5045 | D:6      | Killed Grinder
  5078 | D:6      | Fell from the grace of Dithmenos
  5087 | D:6      | Found a staircase to the Ecumenical Temple.
  5094 | D:6      | Noticed Blork the orc
  5105 | D:6      | Killed Blork the orc
  5127 | Temple   | Entered the Ecumenical Temple
  5235 | Temple   | Noticed a shadow demon
  5235 | Temple   | Noticed a shadow demon
  5235 | Temple   | Noticed a shadow demon
  5245 | Temple   | Noticed a hellwing
  5589 | D:6      | Found a faded altar of an unknown god.
  5589 | D:6      | Found a basalt altar of Yredelemnul.
  5595 | D:6      | Found a deep blue altar of Sif Muna.
  5612 | D:6      | Found a snail-covered altar of Cheibriados.
  5614 | D:6      | Found an iron altar of Okawaru.
  5625 | D:6      | Noticed a gargoyle
  5776 | D:6      | Noticed an ice devil
  5776 | D:6      | Killed a shadow demon
  5785 | D:6      | Noticed a sun demon
  5786 | D:6      | Noticed an ice devil
  5786 | D:6      | Noticed an ice devil
  5789 | D:6      | Slain by an ice devil

Vault maps used:
D:1:      scummos_arrival_simple_crosswalls, minmay_curled_crystal
D:2:      uniq_jessica, uniq_terence
D:3:      first_ration, nicolae_ru_sacrificial_ziggurat
D:4:      kennysheep_little_box, lemuel_round_altar, serial_shops, shop,
          uniq_robin, uniq_eustachio, uniq_pikel, uniq_menkaure
D:5:      kennysheep_generic_room_13
D:6:      chequers_temple_overflow_minitemple, temple_pool_b, serial_shops,
          shop, kennysheep_mini, shop, minmay_stone_trees_large, uniq_grinder,
          uniq_blork_the_orc
Temple:   eino_temple_rhombus

Skill      XL: |  1  2  3  4  5  6  7  8  9 |
---------------+----------------------------+-----
Maces & Flails | 3 5 |  5.1
Dodging        | 1 2 3 |  3.8
Armour         | 4 5 6 |  6.3
Fighting       | 4 5 6 |  6.2
Shields        | 4 5 6 |  6.3
Axes           | 1 3 4 |  4.3
Invocations    | 1 2 |  2.0

Action                   |  1- 3 |  4- 6 |  7- 9 || total
-------------------------+-------+-------+-------++-------
Melee: Flail             |   139 |    96 |       ||   235
       Mace              |       |   148 |       ||   148
       Broad axe         |       |       |   188 ||   188
Invok: Renounce Religion |       |       |     1 ||     1
  Use: Potion            |     1 |       |     1 ||     2
       Scroll            |     3 |     7 |     4 ||    14
  Eat: Chunk             |     1 |     6 |     6 ||    13
       Ration            |       |       |     1 ||     1
Armor: Scale mail        |   102 |   125 |    79 ||   306
Dodge: Dodged            |    60 |    80 |    65 ||   205
Block: Shield            |   112 |   139 |   118 ||   369

Table legend:
 A = Non-vault XP
 B = Vault XP
 C = Vault XP percentage of total XP
 D = Non-vault monster count
 E = Vault monster count
 F = Vault count percentage of total count
                 A         B        C        D         E       F
            +---------+---------+-------+---------+---------+-------
      Total |    1711 |    1524 |  47.1 |     131 |      20 |  13.2
            +---------+---------+-------+---------+---------+-------
        D:1 |      98 |       0 |   0.0 |      33 |       0 |   0.0
        D:2 |      70 |      69 |  49.6 |      23 |       2 |   8.0
        D:3 |     113 |       0 |   0.0 |      23 |       0 |   0.0
        D:4 |     272 |    1088 |  80.0 |      11 |      15 |  57.7
        D:5 |     340 |      14 |   4.0 |      18 |       1 |   5.3
        D:6 |     818 |     353 |  30.1 |      23 |       2 |   8.0
            +---------+---------+-------+---------+---------+-------
